[Event "Israeli Women Championship 2022"]
[Site "Yosiah Arad"]
[Date "2022.12.08"]
[Round "4.2"]
[White "Shvayger, Yuliya"]
[Black "Kochavi, Dana"]
[Result "1-0"]
[ECO "B11"]
[WhiteElo "2350"]
[BlackElo "1928"]
[Annotator "TA"]
[PlyCount "151"]
[EventDate "2022.12.05"]
[EventType "tourn"]
[EventCountry "ISR"]
[SourceTitle "playchess.com"]
[Source "ChessBase"]
[SourceQuality "1"]
[TimeControl "40/5400+30:1800+30"]

1. e4 c6 2. Nf3 d5 3. Nc3 dxe4 4. Nxe4 Nf6 5. Qe2 Nxe4 6. Qxe4 Nd7 {[%emt 0:00:04] B11: Caro-Kann: Two Knights Variation.} 7. Bc4 Nf6 {[%emt 0:00:05] [#]} 8. Ne5 $1 e6 {[%emt 0:00:05] The position is equal.} 9. Qe2 b5 10. Bb3 Qc7 11. d4 a6 12. O-O Bd6 13. Bf4 O-O {[%emt 0:01:26] [#]} 14. Rac1 $146 ({Predecessor:} 14. c4 Nd7 15. c5 Bxe5 16. Bxe5 Nxe5 17. Qxe5 Qxe5 18. dxe5 a5 19. a4 Ba6 20. Rfd1 {1-0 (65) Melikyan,G (2238)-Balabayeva,K (2203) Chess.com INT 2022}) 14... Nd5 15. Bg3 b4 ({Black should play} 15... a5 $14) 16. c4 $16 bxc3 17. bxc3 c5 18. c4 (18. dxc5 {feels hotter.} Qxc5 19. Rfd1 Bc7 20. Bxd5 exd5 21. c4) 18... Ne7 19. dxc5 Qxc5 20. Nd3 Qc7 21. Bxd6 Qxd6 22. c5 Qc7 23. Qe5 Qa7 (23... Ra7 $14) 24. c6 $18 a5 25. Nf4 ({Better is} 25. Nb2 $18) 25... a4 $16 26. Nh5 Nf5 $14 {[%emt 0:01:43] Against c7} 27. Bc4 {[%emt 0:02:54] Strongly threatening Rfd1. White is much more active. The black rooks are badly placed.} Qd4 {[%emt 0:06:52] Inhibits Rfd1.} 28. Rfe1 Qxe5 $1 29. Rxe5 Ba6 30. Bxa6 Rxa6 31. c7 Rc8 32. Rb5 {[%emt 0:00:00] aiming for Rb8.} Raa8 {[%emt 0:07:53] Prevents Rb8.} 33. Rb6 Ne7 34. Nf4 g5 35. Nd3 Nd5 36. Rb7 Kg7 37. g3 Ra6 {[%emt 0:09:12] Prevents Rc6.} ({Black should try} 37... a3 $11) 38. a3 (38. Nb4 $14 Rb6 39. Rxb6 Nxb6 40. Na6) 38... Rd6 (38... Rb6 $5 39. Ra7 (39. Rxb6 Nxb6 40. Nc5 Kf8 $11) 39... Kg6 $11) 39. Nb4 Rd7 {[%emt 0:01:54] [#]} (39... Rb6 $14 40. Rxb6 Nxb6) 40. Na6 $1 $16 Rd6 {[%emt 0:05:23] [#]} 41. Rb8 $1 Ne7 42. Nb4 Rd7 43. Rb7 Nd5 $1 44. Na6 Rd6 45. Ra7 Rb6 {[%emt 0:00:00] Inhibits Nb4.} 46. Rc4 Kg6 47. Nb4 $36 {[%emt 0:00:00][%mdl 2048] White has good play.} Kf5 (47... Nxb4 $14 48. axb4 Kf6) 48. Rxa4 {[%emt 0:00:00] White leaves nothing to chance now.} Ke5 49. Ra5 h6 50. Rcc5 Rd6 (50... f6 $142 51. Nxd5 exd5) 51. Rab5 $18 Rd7 52. Na6 Kd6 53. Rc1 Ke5 (53... Re7 {was worth a try.} 54. a4 Ree8) 54. a4 Rd6 $2 (54... Re7 55. Rc6 Rd7) 55. Nb4 Rd7 56. Nxd5 exd5 {[%emt 0:00:11][%mdl 4096] Endgame KRR-KRR} 57. Rbc5 Kd6 58. Rc6+ Ke5 $2 (58... Ke7 59. Kf1 (59. Rxh6 Rcxc7 60. Re1+ Kf8 $16) 59... Rd6) 59. Kf1 (59. Rxh6 Rcxc7 60. Re1+ Kd4 $14) 59... d4 60. Ke2 ({Not} 60. Rxh6 Rcxc7 61. Re1+ Kd5 $14) 60... d3+ 61. Kd2 Ke4 (61... Rd6 $142 62. Rxd6 Kxd6 63. Kxd3 Kd7) 62. a5 {[%emt 0:00:36][%cal Ba4a5,Ba5a6][%mdl 32] Threatens to win with a6.} ({Less strong is} 62. Rxh6 Rdxc7 63. f3+ Kxf3 64. Rf6+ Ke4 65. Re1+ Kd5 $11) 62... Kf3 63. a6 {[%emt 0:00:01] Black must now prevent a7.} Kxf2 64. a7 {[%emt 0:00:02] Intending Ra6 and mate.} h5 65. Rb6 (65. Ra1 $142 Rdxc7 66. Rxc7 (66. a8=R Rxc6 67. Rxc8 Rxc8 $17) 66... Ra8 67. Kxd3 Kg2 68. Ra2+ Kh3 69. Rxf7 Kg4 70. Ra5) 65... Re8 66. c8=Q Rxc8 67. Rxc8 Rxa7 68. Kxd3 Kg2 69. Rb2+ Kh3 70. Ke4 {[%emt 0:00:00] Kf5 is the strong threat.} Kg4 71. Ke5 Ra5+ 72. Kf6 {[%emt 0:00:00] Hoping for Rc4+.} Rf5+ 73. Kg7 {[%emt 0:00:00] White threatens Rc4+ and mate.} h4 74. gxh4 Kxh4 75. Rh8+ Kg4 76. Rf8 {[%emt 0:00:00] Weighted Error Value: White=0.17 (very precise) /Black=0.27 (precise)} 1-0

[Event "Israeli Women Championship 2022"]
[Site "Yosiah Arad"]
[Date "2022.12.08"]
[Round "4.3"]
[White "Levitan, Ronit"]
[Black "Tashkinova, Sofiia"]
[Result "1-0"]
[ECO "C01"]
[WhiteElo "1989"]
[BlackElo "2006"]
[Annotator "TA"]
[PlyCount "133"]
[EventDate "2022.12.05"]
[EventType "tourn"]
[EventCountry "ISR"]
[SourceTitle "playchess.com"]
[Source "ChessBase"]
[SourceQuality "1"]
[TimeControl "40/5400+30:1800+30"]

1. e4 e6 2. d4 d5 3. exd5 exd5 4. Nf3 Nc6 5. Bd3 Bd6 6. O-O Nge7 7. c3 Bg4 8. Re1 Qd7 9. Nbd2 O-O 10. Nf1 Bf5 {[%emt 0:03:34] [#] C01: French: Exchange Variation.} 11. Bb5 $146 ({Predecessor:} 11. Ne5 Bxe5 12. dxe5 Rae8 13. Bg5 Bxd3 14. Qxd3 Ng6 15. Red1 Rxe5 16. f4 Ree8 17. f5 Nge5 18. Qg3 {0-1 (33) Devallee,J (2270)-Bauer,C (2640) Vandoeuvre 2021}) 11... a6 12. Ba4 b5 {[%emt 0:02:18] The position is equal.} 13. Bb3 Na5 14. Bc2 Nc4 (14... f6) 15. b3 {[%emt 0:04:19] Threatens to win with Bxf5.} Nb6 16. Ng3 Bxc2 17. Qxc2 f6 18. a4 bxa4 19. bxa4 Nc4 20. Nd2 Qc6 21. Nxc4 Qxc4 22. Ba3 Bxa3 23. Rxa3 Rfe8 24. Raa1 Ng6 25. Qf5 (25. Nf5 $14) 25... Rad8 $11 26. Rxe8+ Rxe8 27. Qd7 {[%emt 0:00:00] White wants to mate with Nf5.} Kf8 $2 (27... Re7 $11 28. Qd8+ Kf7) 28. Nf5 $18 Ne7 {[%emt 0:00:41][%cal Bg6e7,Be7c6,Bc6d4,Bd4e2][%mdl 32] [#]} 29. Re1 $2 (29. Nxg7 $1 $18 {[%mdl 512] and the rest is easy.} Rb8 30. Ne6+ Kf7 31. Nxc7 (31. Re1 $2 Qe2 $19)) 29... Qxc3 $16 30. Qe6 Qc6 31. Qxc6 {[%emt 0:02:07] White is much more active.} ({Not} 31. Nxe7 Qxe6 32. Rxe6 Rxe7 33. Rxe7 Kxe7 $17) (31. Nxg7 $16 Qxe6 32. Nxe6+ Kf7 33. Nxc7) 31... Nxc6 {[%emt 0:00:07][%cal Re8e1][%mdl 4096] Endgame KRN-KRN} 32. Rc1 (32. Rxe8+ $11 {keeps the balance.} Kxe8 33. Nxg7+ Kd7 34. Nf5) 32... g6 (32... Nb4 $17 33. g3 g6) 33. Ne3 $1 $15 Nxd4 34. Rxc7 Rd8 (34... Nf5 $15) 35. Rxh7 $11 Ne2+ 36. Kf1 Nc3 37. Rh8+ Ke7 38. Rh7+ Ke6 {[%emt 0:00:00] Black wants to play ...d4.} 39. Ra7 Rd6 (39... Nxa4 $2 40. Rxa6+ Rd6 41. Rxa4 $18) 40. a5 d4 41. Nc4 {[%emt 0:31:02] [#]} d3 $1 {[%emt 0:27:26] White must now prevent ...Rc6.} 42. Nd2 ({But not} 42. Nxd6 $2 d2 43. g3 d1=Q+ $19) (42. Rc7 Nb5) 42... Rc6 43. Nb3 $1 Nb5 {[%emt 0:00:00] ...Rc1+ is the strong threat.} 44. Rxa6 $1 Rxa6 45. Nc5+ Kd5 46. Nxa6 {[%emt 0:00:00] KN-KN} Kc4 47. Ke1 Kc3 $2 {[%emt 0:00:00] White stays focused until the end.} (47... f5 $1 $11 {and Black is okay.}) 48. Kd1 $2 (48. Nc5 $18) 48... f5 (48... Na3 $11 {and Black stays safe.} 49. Nc7 Nc4 50. Nd5+ (50. a6 {leads to mate.} Nb2+ 51. Ke1 d2+ 52. Ke2 d1=Q+ 53. Ke3 Nc4+ 54. Kf4 Qd6+ 55. Kg4 Ne5+ 56. Kg3 Nd3+ 57. Kf3 Qf4+ 58. Ke2 Qxf2+ 59. Kd1 Qf1#) 50... Kd4 51. Nxf6 Nxa5) 49. Nc5 $18 Kd4 50. Na4 {[%emt 0:00:00] Strongly threatening Kd2.} Kc4 $2 (50... Nc7 51. Kd2 Na6) 51. Kd2 {[%emt 0:00:00] White is clearly winning.} Kb4 52. Nb2 Kxa5 53. Nxd3 (53. h4 $142 Nc7 54. Nxd3) 53... Kb6 54. h4 Nd6 55. Ke3 Kc7 56. Ne5 Kd8 57. Nxg6 Ke8 58. Kf4 Kf7 59. Ne5+ Kf6 60. f3 Ne8 61. Nd7+ Ke6 62. Nb6 Ng7 63. Kg5 Ne8 64. Kg6 Nd6 65. h5 Nf7 66. h6 Ne5+ 67. Kg7 {[%emt 0:05:34] Weighted Error Value: White=0.43/Black=0.49} 1-0

[Event "Israeli Women Championship 2022"]
[Site "Yosiah Arad"]
[Date "2022.12.08"]
[Round "4.4"]
[White "Orian, Noga"]
[Black "Reprun, Nadejda"]
[Result "1-0"]
[ECO "D12"]
[WhiteElo "1947"]
[BlackElo "1979"]
[Annotator "TA"]
[PlyCount "121"]
[EventDate "2022.12.05"]
[EventType "tourn"]
[EventCountry "ISR"]
[SourceTitle "playchess.com"]
[Source "ChessBase"]
[SourceQuality "1"]
[TimeControl "40/5400+30:1800+30"]

1. d4 d5 2. c4 c6 3. Nf3 Nf6 4. e3 Bf5 5. Nc3 e6 6. Nh4 Be4 7. f3 Bg6 {[%emt 0:00:04] D12: Slav Defence: 3 Nf3 Nf6 4 e3 Bf5.} 8. Bd2 Be7 9. Nxg6 hxg6 {[%emt 0:00:06] The position is equal.} 10. Qb3 Qc7 11. g3 Nbd7 12. Kf2 O-O 13. Rc1 Rac8 (13... dxc4 $11 14. Bxc4 e5) 14. Kg2 {[%emt 0:08:45] [#]} (14. cxd5 $14 Nxd5 15. Bd3) 14... a6 $146 ({Predecessor:} 14... dxc4 15. Bxc4 e5 16. dxe5 Nxe5 17. Be2 Rcd8 18. Rcd1 b5 19. e4 Qb6 20. Bf4 Nfd7 {½-½ (58) Goganov,A (2601)-Drygalov,S (2358) Samara 2015}) 15. a4 dxc4 16. Bxc4 b5 17. axb5 axb5 18. Bd3 Qd6 19. Na2 (19. Ne2 $11) 19... Qb8 (19... c5 $15 20. Bxb5 cxd4) 20. Rc2 (20. Rhd1 {is interesting.} c5 21. Qxb5 Qa8 22. Nc3) 20... e5 (20... c5 {is more complex.} 21. Bxb5 g5 22. Rf1 g4) 21. Rhc1 exd4 22. exd4 (22. Rxc6 $2 Rxc6 23. Rxc6 Ne5 $19) 22... Qb6 23. Bb4 Rfe8 24. Bxg6 Nd5 25. Be4 $36 {[%emt 0:00:09][%mdl 2048] White has the initiative. A strong pair of Bishops.} N7f6 26. Bxe7 Rxe7 (26... Nxe7 $11 {remains equal.} 27. Rd1 Rcd8) 27. Nb4 $16 Nxb4 28. Qxb4 Rec7 29. Rc5 {[%emt 0:04:09] White is more active.} Nxe4 (29... Nd7 $16 {was worth a try.}) 30. fxe4 $18 Ra8 {[%emt 0:01:04] [#]} (30... Ra7 {keeps fighting.} 31. d5 (31. Rxb5 Qd8 $18) 31... Ra4) 31. d5 $1 Ra4 32. Qe1 (32. Qd2 $18 {has better winning chances.}) 32... Re7 $16 33. e5 ({Don't take} 33. dxc6 Raxe4 34. Qf1 Re2+ 35. Kh1 Re1 36. Rxe1 (36. Qxe1 $2 {is the wrong capture.} Rxe1+ 37. Rxe1 Qxc5 $19) 36... Qxc5) ({White should play} 33. Rxc6 $16 Qd4 34. d6 (34. Rc8+ Kh7 $14) 34... Rxe4 35. Qd1) 33... cxd5 $11 34. Qe2 Qg6 35. Rxd5 Qe4+ (35... Re4 $11 {might be stronger.} 36. Qxb5 Qg4) 36. Qxe4 $14 Rxe4 37. Rxb5 R4xe5 38. Rxe5 Rxe5 {[%emt 0:00:04][%mdl 4096] Endgame KR-KR} 39. Rc8+ ({White should try} 39. Kf3 $16) 39... Kh7 $11 40. Kf3 f5 (40... Rb5 $11 {keeps the balance.}) 41. Rc4 Rb5 42. b4 g5 43. Ke3 Kg6 44. Kd4 g4 $2 {[%emt 0:03:10][%mdl 8192] This move loses the game for Black.} (44... Kh5 $16) 45. Rc6+ $18 Kg5 (45... Kf7 $142 46. Kc4 Re5) 46. Kc4 Re5 47. Kb3 Rd5 48. Rc2 Kf6 49. Re2 Rd4 50. Kc3 Rd1 51. Kc4 Rf1 52. Kc5 (52. b5 $142 f4 53. gxf4) 52... f4 53. gxf4 {[%emt 0:00:07] [#] Intending b5 and mate.} Rxf4 54. b5 {[%emt 0:00:30][%cal Bb4b5,Bb5b6,Bb6b7][%mdl 32] White mates.} Rf3 55. b6 Rb3 56. Kc6 Kg5 57. b7 Rc3+ 58. Kd7 Rd3+ 59. Kc8 Rc3+ 60. Kb8 Rb3 61. Rc2 {[%emt 0:00:19] Weighted Error Value: White=0.18 (very precise) /Black=0.66} 1-0

[Event "Israeli Women Championship 2022"]
[Site "Yosiah Arad"]
[Date "2022.12.08"]
[Round "4.5"]
[White "Brusilovski, Lena"]
[Black "Kluchik, Julia"]
[Result "0-1"]
[ECO "B28"]
[WhiteElo "1800"]
[BlackElo "1887"]
[Annotator "NA RC COMBH"]
[PlyCount "84"]
[EventDate "2022.12.05"]
[EventType "tourn"]
[EventCountry "ISR"]
[SourceTitle "playchess.com"]
[Source "ChessBase"]
[SourceQuality "1"]
[TimeControl "40/5400+30:1800+30"]

1. e4 c5 2. Nf3 a6 3. d4 cxd4 4. Nxd4 Nf6 5. Bd3 e5 6. Nb3 d6 7. h3 Be7 8. O-O Nbd7 9. Be3 O-O 10. Nc3 Qc7 11. a4 Nc5 12. Nxc5 dxc5 13. Qe2 Be6 14. b3 Rac8 15. Bc4 Qc6 16. Bg5 Rfd8 17. Rad1 Bxc4 18. Qxc4 Rd4 19. Rxd4 cxd4 20. Qxc6 Rxc6 21. Nd5 Nxd5 22. exd5 Rc7 23. Bxe7 Rxe7 24. c4 dxc3 25. Rc1 Rd7 26. Rxc3 f5 27. Rd3 Kf7 28. f3 Ke7 29. a5 Kd6 30. Kf2 Kc5 31. Ke3 Rxd5 32. Rc3+ Kd6 33. Rc8 Rxa5 34. Rh8 Ra3 35. Rxh7 Rxb3+ 36. Kf2 a5 37. Rxg7 a4 38. Rg8 a3 39. Ra8 b5 40. g4 fxg4 41. hxg4 b4 42. g5 Ke6 0-1

[Event "Israeli Women Championship 2022"]
[Site "Yosiah Arad"]
[Date "2022.12.09"]
[Round "5.1"]
[White "Efroimski, Marsel"]
[Black "Brusilovski, Lena"]
[Result "1-0"]
[ECO "B23"]
[WhiteElo "2470"]
[BlackElo "1800"]
[Annotator "TA"]
[PlyCount "59"]
[EventDate "2022.12.05"]
[EventType "tourn"]
[EventCountry "ISR"]
[SourceTitle "playchess.com"]
[Source "ChessBase"]
[SourceQuality "1"]
[TimeControl "40/5400+30:1800+30"]

1. e4 c5 2. Nc3 Nc6 3. Bb5 a6 4. Bxc6 dxc6 5. d3 e5 6. Be3 {[%emt 0:00:07] [#] B23: Closed Sicilian: Lines without g3.} b5 $146 ({Predecessor:} 6... Nf6 7. h3 Be7 8. Qd2 O-O 9. Nge2 Be6 10. O-O Qc7 11. f4 Nd7 12. f5 Bxf5 13. exf5 Rad8 14. Ng3 c4 15. Nge4 cxd3 16. cxd3 c5 17. Nd5 Qd6 18. Nxd6 {1-0 (18) Gevorgyan,M (2219)-Cramling Bellon,A (2035) Chess.com INT 2021}) 7. Nge2 Be6 8. f4 {[%emt 0:00:17] White is slightly better.} f6 (8... Nf6 $14) 9. O-O $16 Qc7 10. Qe1 exf4 11. Nxf4 Bf7 12. Qf2 $1 c4 $2 {[%emt 0:00:45] [#]} (12... Bd6 $16) 13. d4 (13. e5 $1 $18 {[%cal Re5f6] is the precise move to win.}) 13... Bd6 (13... Nh6 $16) 14. Rae1 $2 (14. e5 $18 Be7 15. Qf3) 14... O-O-O $1 $14 15. Kh1 {[%emt 0:02:05][%cal Oe4e5] Black must now prevent e5!} Re8 {[%emt 0:04:59] Against e5} 16. a3 (16. Nfe2 $16) 16... h5 17. Nfe2 (17. Nh3 $5 ) 17... Nh6 $1 {[%emt 0:00:49] Against e5} 18. Bf4 (18. e5 Ng4 19. Qg3 (19. Qf5+ Be6 $17) 19... fxe5 $17) 18... Bg6 {[%emt 0:00:41] [#]} (18... Ng4 $11 19. Qg3 Bxf4 20. Qxf4 (20. Nxf4 Qd7 $11) 20... Qxf4 21. Nxf4 Kc7) 19. Qg3 ({Better is} 19. d5 $1) 19... Bxf4 $16 20. Qxf4 (20. Nxf4 $16 Bf7 21. e5 (21. Qxg7 $2 {too greedy.} Ng4 $19)) 20... Qd7 (20... Kb8 $11) 21. b4 Qg4 ({Black should play} 21... Nf7 $14) 22. Qxg4+ (22. Qf2 $16) 22... Nxg4 (22... hxg4 $11 23. Nf4 Bh7) 23. Nf4 Bf7 24. h3 $36 {[%emt 0:00:00][%mdl 2048] Prevents g5. White has strong initiative.} Nh6 25. d5 (25. Ra1 $16) 25... Re5 (25... cxd5 $11 {keeps the balance.} 26. Ncxd5 (26. Nfxd5 Bxd5 27. exd5 Kd7 $11) (26. exd5 Nf5 $17) 26... Bxd5 27. exd5 Rxe1 28. Rxe1 Nf5) 26. dxc6 {[%emt 0:00:00] Threatens to win with a4.} Be8 (26... Rd8 $16 {is a better defense.}) 27. Rd1 (27. a4 $18) 27... Kc7 (27... Rh7 $16 {might work better.}) 28. Rd4 ({White should try} 28. a4 $18) 28... f5 $2 (28... Rg8 $16) 29. Rd5 $18 Re7 (29... Rxd5 30. exd5 Bf7) 30. Rc5 {[%emt 0:00:00] Weighted Error Value: White=0.50/Black=0.53} 1-0

[Event "Israeli Women Championship 2022"]
[Site "Yosiah Arad"]
[Date "2022.12.09"]
[Round "5.2"]
[White "Kluchik, Julia"]
[Black "Shvayger, Yuliya"]
[Result "0-1"]
[ECO "E01"]
[WhiteElo "1887"]
[BlackElo "2350"]
[Annotator "TA"]
[PlyCount "72"]
[EventDate "2022.12.05"]
[EventType "tourn"]
[EventCountry "ISR"]
[SourceTitle "playchess.com"]
[Source "ChessBase"]
[SourceQuality "1"]
[TimeControl "40/5400+30:1800+30"]

1. d4 Nf6 2. c4 e6 3. Nf3 d5 4. g3 dxc4 5. Ne5 c5 ({Black should play} 5... Nc6 $17 {Hoping for ...Nxe5.} 6. Nxc6 Qd5) 6. Qa4+ {[%emt 0:11:32] E01: Catalan: Early deviations.} (6. Nxc4 $2 {loses.} Qd5 7. f3 (7. Qa4+ $2 Bd7 $19) 7... Qxc4 $19) 6... Nbd7 {[%emt 0:00:29] [#]} 7. e3 $146 ({White should try} 7. Nxc4 cxd4 8. Bd2) ({Predecessor:} 7. Be3 Nd5 8. Nc3 N5b6 9. Qb5 cxd4 10. Bxd4 Qc7 11. Bg2 a6 12. Qa5 Bc5 13. Nxd7 Bxd4 14. Nxb6 Bxb6 {0-1 (33) Gaizauskaite,G (1852)-Stremavicius,P (2082) Lithuania 2019}) 7... cxd4 $17 8. exd4 {[%emt 0:00:02][%cal Of1g2] [#] Black is better.} Be7 ({Better is} 8... b5 $1 $17 9. Qxb5 Rb8) 9. Bg2 $15 O-O {[%emt 0:00:27] Threatens to win with ...Nxe5.} 10. Nxc4 Nb6 (10... b5 $5 11. Qa5 (11. Qxb5 Rb8 $17) 11... Rb8 12. Qxd8 Bxd8 $17) 11. Nxb6 Qxb6 12. O-O Bd7 13. Qd1 Bc6 14. Bxc6 Qxc6 15. Nc3 Rfd8 16. Bf4 Bc5 17. Ne2 {[%emt 0:02:19] aiming for Rc1.} Bb6 (17... Qe4 {seems wilder.} 18. Be5 Ng4 19. Bf4 Bxd4 20. Nxd4 Nf6) 18. Rc1 Qb5 19. Rc2 Qh5 {[%emt 0:02:08] Black has more active pieces.} (19... Qf5 $17 20. Qd2 Qh3) 20. Bc7 $1 Bxc7 21. Rxc7 b6 22. Nf4 Qb5 23. Qe2 Qa4 24. Rd1 (24. d5 $15 Nxd5 25. Nxd5 Rxd5 26. Rfc1) 24... Qxa2 (24... Rxd4 {simplifies} 25. Rxd4 Qxd4 26. Nd3 Ne8) 25. g4 (25. Nh5 $15 Ne8 26. Rc3) 25... Qa4 26. Rd2 (26. Qf3 $17) 26... Rd7 27. Qf3 Rad8 28. b3 $2 {[%emt 0:00:21] Now White is beyond hope.} (28. Rxd7 $17 Qxd7 29. h4) 28... Qb5 (28... Qa1+ $19 {is more deadly.} 29. Rd1 Qxd1+ 30. Qxd1 Rxc7) 29. Rdc2 (29. Rxd7 $17 {keeps fighting.} Qxd7 30. g5) 29... Rxd4 $19 30. Rc1 {[%emt 0:00:42] Against Rd1+} (30. R2c4 {is a better defense.}) 30... e5 31. Ng2 Rxg4 {[%emt 0:02:24] Strongly threatening ...e4.} 32. Rxa7 $2 (32. Rc8 Rgd4 33. Qa8) 32... e4 33. Qe3 h6 {[%emt 0:00:41] ...Rd3 is the strong threat.} 34. h3 Rg6 35. Rcc7 Rd1+ 36. Kh2 {[%emt 0:00:04] [#]} Rh1+ $3 {[%emt 0:00:31][%mdl 512] Weighted Error Value: White=0.83/Black=0.21 (precise)} 0-1

[Event "Israeli Women Championship 2022"]
[Site "Yosiah Arad"]
[Date "2022.12.09"]
[Round "5.3"]
[White "Tashkinova, Sofiia"]
[Black "Ovechkin, Lilia"]
[Result "0-1"]
[ECO "B00"]
[WhiteElo "2006"]
[BlackElo "1680"]
[Annotator "TA"]
[PlyCount "84"]
[EventDate "2022.12.05"]
[EventType "tourn"]
[EventCountry "ISR"]
[SourceTitle "playchess.com"]
[Source "ChessBase"]
[SourceQuality "1"]
[TimeControl "40/5400+30:1800+30"]

1. e4 {[%emt 0:00:01] ChessBase II} b6 2. d4 Bb7 3. Bd3 e6 4. Nf3 Nf6 5. Qe2 d5 6. e5 Ne4 7. Nbd2 {[%emt 0:01:44] B00: Queen's Fianchetto Defence, Nimzowitsch Defence.} (7. O-O $5 ) 7... Nxd2 8. Bxd2 c5 9. c3 {[%emt 0:00:38] White is slightly better.} Be7 {[%emt 0:11:19] The main line 9...Be7 scores better than 9...Nc6.} 10. a3 c4 11. Bc2 Nc6 12. O-O h6 13. Ne1 Kd7 14. f4 g6 {[%emt 0:00:33] [#] Inhibits f5.} 15. b3 $146 (15. g4 $1 $16) ({Predecessor:} 15. g4 Qg8 16. Ng2 Rf8 17. Ne3 h5 18. g5 Na5 19. b3 Rc8 20. bxc4 Nxc4 21. Nxc4 Rxc4 {½-½ (38) Krannich,H (1759)-Meng,G (1854) Mainz 1997 EXT 2000 [ChessBase II]}) 15... Ba6 {[%emt 0:01:10] [#]} (15... cxb3 $1 $11 {remains equal.} 16. Bxb3 Na5) 16. bxc4 (16. b4 $1 $16) 16... Bxc4 17. Bd3 Na5 18. a4 a6 19. Nc2 Bxd3 20. Qxd3 Nc4 21. Ne3 Rc8 22. Rfb1 Nxe3 (22... h5 {looks sharper.} 23. Ra2 Rc6 24. Nxc4 Rxc4 25. Rab2 Kc6) 23. Bxe3 Rc4 24. Bd2 Qc7 25. g4 Rg8 26. Rb3 Bd8 27. Rb4 Be7 28. Rb3 Qc6 29. Rab1 Bd8 30. Rb4 a5 31. Rxc4 dxc4 32. Qe2 {[%emt 0:08:29] Loses the game.} (32. Qc2 $1 $11) 32... Qxa4 $19 33. Be1 Qc6 34. Bg3 b5 35. f5 Qd5 ({Weaker is} 35... exf5 36. d5 Qb6+ 37. Kh1 $11 (37. Bf2 Qa6 $11)) 36. Rf1 (36. f6 {was called for.} Bb6 37. h3) 36... gxf5 37. gxf5 Rg7 38. Qh5 Bg5 39. fxe6+ Kxe6 {[%emt 0:00:06] ...Be3+ is the strong threat.} 40. h4 $2 {[%emt 0:02:17] [#]} (40. Kf2 $19) 40... Bf4 $1 {[%emt 0:01:36][%mdl 512] Black mates.} 41. Rf3 {[%emt 0:07:18] [#]} (41. Qxf7+ Rxf7) 41... Qxf3 $3 42. Qxf3 Rxg3+ {[%emt 0:00:12] Weighted Error Value: White=0.48/Black=0.14 (very precise)} (42... Bxg3 $2 43. Qf6+ Kd7 44. Qxg7 $18) 0-1

[Event "Israeli Women Championship 2022"]
[Site "Yosiah Arad"]
[Date "2022.12.09"]
[Round "5.4"]
[White "Reprun, Nadejda"]
[Black "Levitan, Ronit"]
[Result "1-0"]
[ECO "C95"]
[WhiteElo "1979"]
[BlackElo "1989"]
[Annotator "TA"]
[PlyCount "89"]
[EventDate "2022.12.05"]
[EventType "tourn"]
[EventCountry "ISR"]
[SourceTitle "playchess.com"]
[Source "ChessBase"]
[SourceQuality "1"]
[TimeControl "40/5400+30:1800+30"]

1. e4 e5 2. Nf3 Nc6 3. Bb5 a6 4. Ba4 Nf6 5. O-O Be7 6. Re1 b5 7. Bb3 d6 8. c3 O-O 9. h3 Nb8 10. d4 Nbd7 11. Nbd2 c5 12. Bc2 {[%emt 0:00:34] C95: Closed Ruy Lopez: Breyer Variation with 10 d4.} Re8 13. a4 Rb8 14. axb5 {[%emt 0:12:18] White is slightly better.} axb5 {[%emt 0:00:17] [#]} 15. b3 $146 ({Predecessor:} 15. b4 Bf8 16. Nf1 cxd4 17. cxd4 exd4 18. Nxd4 Bb7 19. Nxb5 Bxe4 20. Nd4 Bxc2 21. Nxc2 Rxe1 22. Qxe1 {½-½ (30) Yagupov,I (2405)-Balashov,Y (2470) Tula 2019}) 15... Bf8 16. d5 g6 17. b4 Qc7 18. Nb3 Nb6 19. Na5 Bd7 {[%emt 0:00:11] Against Nc6} 20. Be3 c4 (20... Ra8 $11) 21. Qd2 Bg7 22. Red1 Rec8 23. Nc6 {[%emt 0:01:47] White is more active.} (23. Nh2 $14) 23... Bxc6 $15 24. dxc6 Ne8 25. Ra6 Qxc6 26. Rda1 Nc7 27. Ra7 Ra8 28. R7a5 Rxa5 29. bxa5 Nd7 30. Rd1 Ne8 (30... Bf8 $142 31. Nh2 Ra8) 31. Ng5 (31. Qd5 $17) 31... Ndf6 32. f4 h6 ({Better is} 32... Ra8 $19 33. fxe5 dxe5) 33. fxe5 $17 dxe5 34. Nf3 Nxe4 (34... Qe6 $17) 35. Bxe4 $11 Qxe4 36. Bxh6 Bf6 37. Qf2 (37. Ng5 $15 Qd3 38. Qc1) 37... Qc6 38. Qe3 Qc5 (38... e4 $17 39. Ng5 (39. Nd4 Qd5 $17) 39... Bd8 40. Nxe4 Bxa5) 39. a6 {[%emt 0:01:39] [#]} (39. Qxc5 $11 Rxc5 40. a6) 39... Qc7 $1 $17 40. Rd5 (40. g4 $17) 40... Qc6 $19 41. Qe4 (41. Rd1) 41... Nc7 $4 {[%emt 0:20:36][%mdl 8192] [#]} (41... Nd6 $19 42. Nxe5 Nxe4 43. Nxc6 Rxc6) 42. Rd8+ $3 $18 {[%emt 0:01:47][%mdl 576] Discovered Attack, Double Attack} Ne8 43. Qxc6 Rxc6 44. Rxe8+ Kh7 45. a7 {[%emt 0:00:00] Weighted Error Value: White=0.52/Black=0.19 (very precise)} 1-0